 Dungeon Crawl Stone Soup version 0.30.1 (webtiles) character file.

Game seed: 15943027978619629556

1054 Kranky the Trooper (level 8, -4/70 HPs)
             Began as a Minotaur Berserker on July 5, 2023.
             Was a Priest of Trog.
             Killed from afar by Maggie (8 damage)
             ... with a bolt of fire
             ... on level 6 of the Dungeon.
             The game lasted 00:05:09 (4442 turns).

Kranky the Trooper (Minotaur Berserker)             Turns: 4442, Time: 00:05:09

Health: -4/70      AC: 12    Str: 24    XL:     8   Next: 5%
Magic:  7/7        EV: 11    Int:  4    God:    Trog [***...]
Gold:   252        SH:  4    Dex: 10    Spells: 7/7 levels left

rFire   + . .        s - +6 falchion of Plog {freeze, Fly rF+ SInv}
rCold   . . .        k - +0 buckler
rNeg    . . .        x - +2 scale mail {rPois}
rPois   +            (helmet restricted)
rElec   .            q - +0 cloak
rCorr   .            y - +0 pair of gloves
SInv    +            (no boots)
Will    .....        (no amulet) Stlth
                     (no ring)
HPRegen 0.31/turn    (no ring)
MPRegen 0.10/turn

%: no passive effects
@: flying, mesmerised
A: horns 2, retaliatory headbutt
a: Renounce Religion, Berserk, Trog's Hand


You were on level 6 of the Dungeon.
You worshipped Trog.
Trog was most pleased with you.
You visited 1 branch of the dungeon, and saw 6 of its levels.

You collected 252 gold pieces.

Inventory:

Hand Weapons
 a - a +0 spear
 s - the +6 falchion of Plog (weapon) {freeze, Fly rF+ SInv}
   (You found it on level 3 of the Dungeon)

   rF:        It protects you from fire.
   SInv:      It lets you see invisible.
   Fly:       It grants you flight.
Armour
 h - a +0 leather armour
 k - a +0 buckler (worn)
 q - a +0 cloak (worn)
 x - a +2 scale mail of poison resistance (worn)
 y - a +0 pair of gloves (worn)
Jewellery
 o - an amulet of guardian spirit
Wands
 p - a wand of polymorph (3)
 A - a wand of acid (10)
 B - a wand of flame (16)
 F - a wand of mindburst (31)
Scrolls
 b - a scroll of acquirement {unknown}
 c - a scroll of enchant armour {unknown}
 j - 2 scrolls of amnesia {unknown}
 m - a scroll of fear {unknown}
 r - a scroll of teleportation {unknown}
 u - a scroll of magic mapping {unknown}
 w - a scroll of butterflies {unknown}
 D - a scroll of identify {unknown}
 E - a scroll of immolation {unknown}
Potions
 d - 3 potions of invisibility {unknown}
 e - a potion of curing {unknown}
 f - 3 potions of heal wounds {unknown}
 g - a potion of haste {unknown}
 i - 2 potions of lignification {unknown}
 l - a potion of might {unknown}
 n - a potion of berserk rage {unknown}
 t - 3 potions of cancellation {unknown}
 v - a potion of brilliance {unknown}
 z - 2 potions of magic {unknown}
 C - a potion of flight {unknown}
 G - a potion of degeneration {unknown}


   Skills:
 + Level 6.2 Fighting
 + Level 4.2 Long Blades
 - Level 4.2 Polearms
 + Level 5.5 Armour
 + Level 5.1 Dodging
 + Level 4.6 Shields


You had 7 spell levels left.
You didn't know any spells.
Your spell library was empty.

Dungeon Overview and Level Annotations

Branches:
Dungeon (6/15)
 Temple: D:4-7

Altars:
Hepliaklqana
Qazlal
Ru

Shops:
D:5 =

Annotations:
D:6 Maggie


Innate Abilities, Weirdness & Mutations

You have a pair of horns on your head.
You reflexively headbutt those who attack you in melee.


Message History

Maggie attempts to bespell you!
You are mesmerised by Maggie!
You slash Maggie!
Maggie is heavily wounded.
Maggie hits you with the +9 lance "Wyrmbane" {slay drac, rPois rF+ rC+ AC+3}!
You hit Maggie.
Maggie is severely wounded.
A sleepcap comes into view.
Maggie hits you with the +9 lance "Wyrmbane" {slay drac, rPois rF+ rC+ AC+3}.
You barely miss Maggie.
Maggie is severely wounded.
The white imp gestures at you. The puff of frost hits you!
Maggie gives herself a magical halo, but it quickly sputters out.
Maggie hits you with the +9 lance "Wyrmbane" {slay drac, rPois rF+ rC+ AC+3}!
You are too injured to fight recklessly!
You slash Maggie! You freeze Maggie.
Maggie is almost dead.
The white imp closely misses you. Maggie gestures at you while chanting.
The bolt of fire hits you! You resist.
* * * LOW HITPOINT WARNING * * *
You are too mesmerised to rage.
You barely miss Maggie.
Maggie is almost dead.
The white imp gestures at you.
The puff of frost hits you but does no damage.
Maggie barely misses you.
You hit Maggie.
Maggie is almost dead.
The white imp completely misses you. Maggie gestures at you while chanting.
The bolt of fire hits you. You resist.
* * * LOW HITPOINT WARNING * * *
The white imp gestures at you. The puff of frost hits you!
* * * LOW HITPOINT WARNING * * *
Maggie casts a spell at you. The bolt of fire hits you! You resist.
You die...

#.#.# #.#.# ... # #.#.#
... #.########.#.# #.#
...........#.# #.####
........#..#.######....#
........#..#.##...#....#
...........#.##...#....#
......@@..>............#
......5.......#...#....#
......#.......#...#....#
..###.#.......#...#....#
. # #.......#...#....#
#.......#...###...
#.#.#####...# #...
#.#.#####...###...
#............##....


You could see Maggie (mesmerising) and a white imp.

Vanquished Creatures
  Sigmund (D:4)
  A steam dragon (D:5)
  Edmund (D:4)
  A water moccasin (D:5)
  An ogre (D:5)
  A howler monkey (D:5)
  A jelly (D:4)
  A gnoll bouda (D:5)
  Crazy Yiuf (D:2)
  A sleepcap (D:5)
  2 iguanas (D:4)
  An orc wizard (D:3)
  8 gnolls (D:5)
  7 adders
  An ufetubus (D:5)
  2 worms (D:2)
  13 orcs
  5 endoplasms
  5 giant cockroaches
  8 goblins
  4 hobgoblins
  8 jackals
  A quokka (D:5)
  8 ball pythons
  4 bats
  2 frilled lizards (D:3)
  4 kobolds
  3 rats
96 creatures vanquished.

Notes
Turn   | Place    | Note
-------+----------+-------------------------------------------
     0 | D:1      | Kranky the Minotaur Berserker began the quest for the Orb.
     0 | D:1      | Reached XP level 1. HP: 19/19 MP: 0/0
   233 | D:1      | Reached XP level 2. HP: 27/27 MP: 1/1
   315 | D:1      | Found a faded altar of an unknown god.
   782 | D:2      | Reached skill level 4 in Fighting
   849 | D:2      | Reached XP level 3. HP: 33/33 MP: 2/2
  1060 | D:2      | Found a runed translucent door.
  1061 | D:2      | Noticed Crazy Yiuf
  1199 | D:2      | Reached ** piety under Trog
  1394 | D:2      | Killed Crazy Yiuf
  1395 | D:2      | Reached skill level 1 in Shields
  1395 | D:2      | Reached XP level 4. HP: 16/40 MP: 3/3
  1595 | D:3      | Found a hazy altar of Hepliaklqana.
  1625 | D:3      | Identified the +6 falchion of Plog {freeze, Fly rF+ SInv}
  1950 | D:3      | Reached skill level 1 in Long Blades
  1956 | D:3      | Reached XP level 5. HP: 34/47 MP: 4/4
  2274 | D:4      | Noticed Sigmund
  2289 | D:4      | Killed Sigmund
  2290 | D:4      | Reached XP level 6. HP: 35/55 MP: 5/5
  2465 | D:4      | Noticed Edmund
  2477 | D:4      | Killed Edmund
  2478 | D:4      | Reached skill level 5 in Fighting
  2823 | D:4      | Reached XP level 7. HP: 60/61 MP: 6/6
  3011 | D:5      | Entered Level 5 of the Dungeon
  3046 | D:5      | Reached skill level 5 in Armour
  3075 | D:5      | Found a stormy altar of Qazlal.
  3116 | D:5      | Noticed a steam dragon
  3123 | D:5      | Killed a steam dragon
  3281 | D:5      | Reached skill level 6 in Fighting
  3289 | D:5      | Reached *** piety under Trog
  3447 | D:5      | Reached skill level 5 in Dodging
  3546 | D:5      | Reached XP level 8. HP: 67/70 MP: 7/7
  3773 | D:5      | Found a sacrificial altar of Ru.
  4043 | D:5      | Found Raeduus's Jewellery Shoppe.
  4428 | D:6      | Noticed Maggie
  4442 | D:6      | Killed from afar by Maggie

Illustrated notes

Levels and vault maps discovered:
D:1:      tarquinn_simple_flora_water_a, layout_loops_cross,
          chequers_ecumenical_altar_island
D:2:      layout_loops_ring, minmay_misc_feat_nine_boxes,
          uniq_crazy_yiuf_cottage
D:3:      layout_loops_ring, mainiacjoe_overflow_paths
D:4:      layout_basic, uniq_sigmund, uniq_edmund
D:5:      layout_basic, nicolae_ru_path_of_blood, grunt_qazlal_clouds,
          serial_curves, eino_curves_01, eino_curves_03, eino_curves_01,
          eino_curves_02, serial_shops, shop
D:6:      layout_basic, trog_wizard, minivault_24, uniq_pikel,
          uniq_prince_ribbit1, uniq_maggie

Skill      XL: |  1  2  3  4  5  6  7 |
---------------+----------------------+-----
Fighting       | 4 5 6 |  6.2
Polearms       | 4 |  4.2
Armour         | 3 4 5 |  5.5
Shields        | 1 2 3 4 |  4.6
Dodging        | 3 4 5 |  5.1
Long Blades    | 1 2 4 |  4.2

Action                     |  1- 3 |  4- 6 |  7- 9 || total
---------------------------+-------+-------+-------++-------
  Melee: Spear             |    79 |    13 |       ||    92
         Headbutt          |    10 |    14 |     7 ||    31
         Falchion          |       |    70 |    77 ||   147
 Armour: Animal skin       |     2 |       |       ||     2
         Leather armour    |     5 |    13 |       ||    18
         Scale mail        |       |     6 |    23 ||    29
  Dodge: Dodged            |    25 |    36 |    29 ||    90
  Block: Buckler           |     3 |    10 |    14 ||    27
